General information
- name: BNet
- type: Ladder team game (AT/RT)
- host: Battle.net
- saver: theqat
map: TwistedMeadows
- players: 4
- length: 30:26
- speed: Fast
- version: 1.21 W3XP
- replay type: Public
» download(156 KB)
Players
team 1 (winner)

»
Cyruslance (
orange | 42 APM | 1273 actions | 30:25)
5 Crypt Lord
2 Carrion Beetles
3 Spiked Carapace
» actions
| Basic commands | 19 | |
| Build / train | 71 | |
| Enter build submenu | 35 | |
| Enter hero's abilities submenu | 5 | |
| Remove unit from queue | 2 | |
| Right click | 676 | |
| Select / deselect | 408 | |
| Use ability | 57 | |
1273 total
» units
| Acolyte | 10 | |
| Ghoul | 15 | |
| Crypt Fiend | 17 | |
42 total
» upgrades
» buildings
| Altar of Darkness | 2 | |
| Ziggurat | 19 | |
| Crypt | 2 | |
| Nerubian Tower | 3 | |
| Graveyard | 2 | |
| Spirit Tower | 7 | |
| Halls of the Dead | 3 | |
| Necropolis | 1 | |
| Temple of the Damned | 1 | |
40 total
» build order
00:08 Altar of Darkness
00:11 Ziggurat
00:32 Crypt
01:03 Nerubian Tower
01:14 Ziggurat
01:28 Graveyard
01:59 Ziggurat
02:47 Nerubian Tower
02:54 Spirit Tower
02:57 Spirit Tower
04:49 Ziggurat
06:29 Spirit Tower
07:28 Halls of the Dead
11:54 Ziggurat
11:56 Ziggurat
14:15 Necropolis
16:25 Ziggurat
16:28 Ziggurat
16:31 Graveyard
16:34 Altar of Darkness
16:38 Crypt
17:26 Nerubian Tower
17:30 Ziggurat
17:38 Ziggurat
17:47 Halls of the Dead
17:57 Spirit Tower
18:01 Ziggurat
18:03 Ziggurat
18:06 Ziggurat
18:24 Spirit Tower
18:34 Ziggurat
18:39 Halls of the Dead
18:54 Spirit Tower
19:00 Spirit Tower
23:59 Ziggurat
24:02 Ziggurat
25:03 Temple of the Damned
28:34 Ziggurat
29:14 Ziggurat
29:32 Ziggurat
» items
| Scroll of Regeneration | 2 | |
| Lesser Clarity Potion | 1 | |
| Scroll of Town Portal | 2 | |
5 total

»
theqat (
purple | 94 APM | 2853 actions | 30:26)
6 Blood Mage
3 Flame Strike
2 Siphon Mana
1 Summon Phoenix
5 Mountain King
3 Storm Bolt
2 Bash
» actions
| Assign group hotkey | 49 | |
| Basic commands | 141 | |
| Build / train | 92 | |
| ESC pressed | 6 | |
| Enter build submenu | 24 | |
| Enter hero's abilities submenu | 11 | |
| Give item / drop item | 1 | |
| Right click | 1484 | |
| Select / deselect | 506 | |
| Select group hotkey | 432 | |
| Use ability | 107 | |
2853 total
» units
| Peasant | 8 | |
| Footman | 21 | |
| Dragonhawk Rider | 3 | |
| Gryphon Rider | 12 | |
| Knight | 11 | |
55 total
» upgrades
| Defend | 1 | |
| Cloud | 1 | |
| Animal War Training | 1 | |
| Storm Hammers | 1 | |
| Plating | 2 | |
| Masonry | 1 | |
| Gunpowder | 1 | |
| Swords | 1 | |
9 total
» buildings
| Altar of Kings | 1 | |
| Barracks | 1 | |
| Farm | 10 | |
| Lumber Mill | 1 | |
| Scout Tower | 6 | |
| Guard Tower | 3 | |
| Keep | 1 | |
| Arcane Vault | 1 | |
| Blacksmith | 1 | |
| Castle | 1 | |
| Gryphon Aviary | 2 | |
| Town Hall | 1 | |
29 total
» build order
00:03 Altar of Kings
00:08 Barracks
00:32 Farm
00:44 Lumber Mill
01:11 Farm
01:47 Scout Tower
02:10 Farm
02:29 Guard Tower
02:36 Scout Tower
05:29 Keep
05:57 Arcane Vault
05:59 Farm
06:01 Farm
06:16 Guard Tower
07:20 Blacksmith
08:34 Castle
08:35 Gryphon Aviary
08:38 Gryphon Aviary
08:51 Farm
12:23 Farm
12:27 Farm
16:17 Farm
16:19 Farm
22:46 Town Hall
25:04 Scout Tower
25:06 Scout Tower
25:07 Scout Tower
25:08 Scout Tower
28:42 Guard Tower
» items
| Lesser Clarity Potion | 2 | |
| Scroll of Regeneration | 2 | |
| Staff of Sanctuary | 1 | |
| Scroll of Town Portal | 1 | |
| Potion of Healing | 2 | |
| Potion of Lesser Invulnerability | 1 | |
9 total
team 2 (loser)
Gjw (
pink | 75 APM | 2274 actions | 30:24)
5 Shadow Hunter
3 Serpent Ward
2 Healing Wave
2 Blademaster
1 Wind Walk
1 Critical Strike
» actions
| Assign group hotkey | 83 | |
| Basic commands | 317 | |
| Build / train | 74 | |
| ESC pressed | 2 | |
| Enter build submenu | 27 | |
| Enter hero's abilities submenu | 7 | |
| Right click | 764 | |
| Select / deselect | 624 | |
| Select group hotkey | 258 | |
| Use ability | 117 | |
2274 total
» units
| Peon | 13 | |
| Grunt | 12 | |
| Demolisher | 7 | |
| Troll Headhunter/Berserker | 17 | |
| Troll Witch Doctor | 2 | |
51 total
» upgrades
| Berserker Strength | 1 | |
| Ranged Weapons | 3 | |
| Berserker Upgrade | 1 | |
| Troll Regeneration | 1 | |
| Armor | 1 | |
| Witch Doctor Training | 2 | |
9 total
» buildings
| Altar of Storms | 1 | |
| Orc Burrow | 6 | |
| Barracks | 2 | |
| Stronghold | 1 | |
| War Mill | 1 | |
| Watch Tower | 10 | |
| Fortress | 1 | |
| Voodoo Lounge | 2 | |
| Spirit Lodge | 1 | |
| Great Hall | 2 | |
| Tauren Totem | 1 | |
28 total
» build order
00:03 Altar of Storms
00:06 Orc Burrow
00:48 Barracks
01:22 Orc Burrow
02:42 Stronghold
03:40 Orc Burrow
04:25 War Mill
06:55 Orc Burrow
08:29 Watch Tower
08:31 Watch Tower
08:54 Orc Burrow
09:33 Watch Tower
11:06 Fortress
11:41 Watch Tower
11:43 Watch Tower
12:15 Barracks
13:34 Watch Tower
14:28 Voodoo Lounge
14:32 Voodoo Lounge
16:01 Orc Burrow
16:04 Watch Tower
17:36 Spirit Lodge
22:19 Great Hall
25:09 Great Hall
28:41 Tauren Totem
28:50 Watch Tower
28:52 Watch Tower
28:54 Watch Tower
» items
| Healing Salve | 1 | |
| Potion of Healing | 1 | |
2 total
NiC1 (
yellow | 84 APM | 2541 actions | 30:25)
4 Shadow Hunter
2 Serpent Ward
2 Healing Wave
3 Blademaster
2 Wind Walk
1 Critical Strike
» actions
| Assign group hotkey | 188 | |
| Basic commands | 69 | |
| Build / train | 46 | |
| Enter build submenu | 29 | |
| Enter hero's abilities submenu | 7 | |
| Remove unit from queue | 1 | |
| Right click | 1363 | |
| Select / deselect | 464 | |
| Select group hotkey | 249 | |
| Use ability | 124 | |
2541 total
» units
| Peon | 7 | |
| Grunt | 13 | |
| Tauren | 5 | |
| Shaman | 3 | |
28 total
» upgrades
| Berserker Strength | 1 | |
| Armor | 1 | |
| Shaman Training | 2 | |
4 total
» buildings
| Altar of Storms | 1 | |
| Orc Burrow | 7 | |
| Barracks | 1 | |
| Voodoo Lounge | 1 | |
| Stronghold | 1 | |
| War Mill | 1 | |
| Watch Tower | 9 | |
| Fortress | 1 | |
| Tauren Totem | 3 | |
| Spirit Lodge | 1 | |
| Great Hall | 1 | |
27 total
» build order
00:04 Altar of Storms
00:05 Orc Burrow
00:42 Barracks
01:29 Orc Burrow
01:57 Voodoo Lounge
02:40 Orc Burrow
04:00 Stronghold
05:59 War Mill
06:04 Orc Burrow
07:15 Watch Tower
08:01 Fortress
08:12 Watch Tower
08:43 Watch Tower
08:50 Orc Burrow
10:37 Watch Tower
11:42 Tauren Totem
11:45 Tauren Totem
11:50 Watch Tower
11:58 Tauren Totem
13:19 Orc Burrow
13:34 Watch Tower
14:34 Spirit Lodge
14:41 Watch Tower
17:12 Watch Tower
18:19 Watch Tower
18:39 Orc Burrow
24:44 Great Hall
» items
| Healing Salve | 2 | |
| Potion of Mana | 1 | |
3 total
Chat log
(00:17 / Allies) theqat: towers . . .
(00:17 / Allies) Cyruslance: prepare for dual bm
(07:04 / Allies) theqat: armor on your guy
(07:05 / Allies) Cyruslance: all u
(07:07 / Allies) Cyruslance: k
(11:58 / Allies) theqat: send extra gold if you have
(12:09 / Allies) theqat: thanks
(15:17 / Allies) theqat: gonna try to forc etp
(15:20 / Allies) Cyruslance: k
(21:57 / Allies) theqat: thanks
(22:33 / Allies) theqat: i need to expand obviously
(22:34 / Allies) theqat: haha
(23:03 / Allies) Cyruslance: k
(24:29 / Allies) theqat: b
(28:45 / Allies) theqat: ty
(30:23 / All) Gjw: gg
(30:25 / All) theqat: gg